[Event "Titled Tuesday Blitz December 27 Late 2022"]
[White "Rangel, Daniel"]
[Black "Kaganskiy, Gleb"]
[WhiteFideId "2124475"]
[BlackFideId "4132025"]
[WhiteElo "2207"]
[BlackElo "2205"]
[Result "0-1"]
[Round "04"]
[TimeControl "180+2"]
[Date "2022.12.27"]
[WhiteClock "0:00:05"]
[BlackClock "0:00:26"]

1. d4 Nf6 2. c4 d6 3. Nc3 g6 4. e4 Bg7 5. Nf3 O-O 6. Be2 Nbd7 7. O-O e5 8. d5 Nc5 9. Qc2 a5 10. b3 Nfxe4 11. Nxe4 Nxe4 12. Qxe4 f5 13. Qe3 f4 14. Qd2 e4 15. Nd4 f3 16. Bd1 fxg2 17. Re1 Qh4 18. Bb2 Be5 19. Nf3 exf3 20. Bxe5 dxe5 21. Rxe5 Bg4 22. Qe3 Qf6 23. Rc1 a4 24. Bc2 axb3 25. Bxb3 b6 26. Re1 Kh8 27. Re7 Rf7 28. Re5 Raf8 29. c5 bxc5 30. Qxc5 Qd6 31. Qd4 Rf4 32. Qc3 Kg8 33. Re7 R4f7 34. R7e3 h5 35. Qd2 Kh7 36. Qd3 Rg8 37. Qd4 Rgg7 38. Bc2 Re7 39. Qd2 Rxe3 40. Qxe3 Qxd5 41. Bb3 Qf7 42. Qc5 Qf5 43. Qc3 Qd7 44. Qc4 Re7 45. Qg8+ Kh6 46. Qf8+ Rg7 47. Qf4+ Kh7 48. Qc4 Qd2 49. Qe4 Bf5 50. Qe8 Bh3 51. Qe5 Qd3 52. Qe8 Qf1+ 53. Rxf1 gxf1=Q# 0-1


[Site "https://www.chess.com"]

[Event "Titled Tuesday Blitz December 27 Late 2022"]
[White "Rasulov, Vugar"]
[Black "Klose, Eli"]
[WhiteFideId "13402390"]
[BlackFideId "16242955"]
[WhiteElo "2523"]
[BlackElo "1519"]
[Result "1-0"]
[Round "04"]
[TimeControl "180+2"]
[Date "2022.12.27"]
[WhiteClock "0:00:48"]
[BlackClock "0:00:34"]

1. h3 h6 2. g4 d5 3. Bg2 c5 4. c4 d4 5. d3 Nc6 6. a3 a5 7. Nf3 e5 8. Nbd2 Nf6 9. Qc2 Bd6 10. b3 Be6 11. Bb2 Qc7 12. Nh4 Nd7 13. Ne4 Be7 14. Nf5 Bf8 15. Nfg3 g6 16. g5 h5 17. h4 Be7 18. Bc1 a4 19. bxa4 Qa5+ 20. Bd2 Qxa4 21. Qb2 Qa6 22. O-O O-O 23. f4 exf4 24. Bxf4 Nde5 25. Nf6+ Bxf6 26. gxf6 Ng4 27. Bg5 Rab8 28. Qd2 b5 29. cxb5 Rxb5 30. Ne4 Bd5 31. Rfc1 Bxe4 32. Bxe4 Nce5 33. Qf4 Rb2 34. Rxc5 Rxe2 35. Rxe5 Nxe5 36. Qxe5 Qxd3 37. Bxd3 Rxe5 38. a4 Ra8 39. Kf2 Rea5 40. Bc2 Rc8 41. Ra2 Rac5 42. Bd3 Rc3 43. Ke2 Rb8 44. a5 Rbb3 45. a6 Ra3 46. Rxa3 Rxa3 47. Bc1 Ra5 48. Kf3 Kf8 49. Ke4 Ke8 50. Bd2 Ra2 51. Bb4 Kd7 52. Kxd4 Ra4 53. Kc5 Ke6 54. Bc3 Rxh4 55. Bc4+ 1-0


[Site "https://www.chess.com"]

[Event "Titled Tuesday Blitz December 27 Late 2022"]
[White "Rengifo Blancas, Renzo Jhonathan"]
[Black "Yurasova, Daria"]
[WhiteFideId "3807185"]
[BlackFideId "34146919"]
[WhiteElo "2131"]
[BlackElo "2095"]
[Result "1-0"]
[Round "04"]
[TimeControl "180+2"]
[Date "2022.12.27"]
[WhiteClock "0:00:13"]
[BlackClock "0:00:07"]

1. d4 d5 2. c4 dxc4 3. e3 e5 4. Bxc4 exd4 5. exd4 Nf6 6. Nf3 Be7 7. Be3 O-O 8. Nc3 c6 9. Ne5 Nbd7 10. O-O Nb6 11. Bb3 Nbd5 12. Qf3 Be6 13. Rad1 a5 14. h3 Qc7 15. Rfe1 Rad8 16. Ne4 Nxe4 17. Qxe4 Nf6 18. Qc2 Bxb3 19. Qxb3 Bb4 20. Rf1 Nd5 21. a3 Bd6 22. Nc4 Bf4 23. Rfe1 Bxe3 24. fxe3 Rfe8 25. Ne5 Qe7 26. Nf3 h6 27. e4 Nf6 28. Ne5 c5 29. Ng6 Qe6 30. d5 Qd7 31. e5 Nxd5 32. Nf4 c4 33. Qxc4 Qc6 34. Qxc6 bxc6 35. Nd3 Rb8 36. Rc1 Rb3 37. Red1 Ne3 38. Rd2 Rd8 39. Nc5 Rxd2 40. Nxb3 Rxb2 41. Nxa5 Ra2 42. Nxc6 Rxg2+ 43. Kh1 Ra2 44. Rc3 Nd5 45. Rd3 Nf4 46. Rf3 Ng6 47. Nb4 Ra1+ 48. Kh2 Nxe5 49. Rc3 g6 50. Rc8+ Kg7 51. Ra8 Nc4 52. a4 Rb1 53. Nc6 Rb2+ 54. Kg3 Rb3+ 55. Kg2 Ne3+ 56. Kg1 Nd5 57. a5 Rxh3 58. a6 Nb6 59. Rb8 Rg3+ 60. Kf2 Ra3 61. Rxb6 h5 62. a7 Ra2+ 63. Kg3 Ra3+ 64. Kf2 Ra2+ 65. Ke3 Ra3+ 66. Kd4 Ra4+ 67. Rb4 Ra6 68. Rb8 Rxc6 69. a8=Q Rd6+ 70. Ke5 Re6+ 71. Kd5 h4 72. Qa2 g5 73. Qb2+ Kg6 74. Rg8+ Kf5 75. Qf2+ Kg4 76. Qg2+ 1-0


[Site "https://www.chess.com"]

[Event "Titled Tuesday Blitz December 27 Late 2022"]
[White "Rian, Kapriaga"]
[Black "Mitrovic, Darko R"]
[WhiteFideId "7103263"]
[BlackFideId "927023"]
[WhiteElo "2089"]
[BlackElo "2220"]
[Result "1-0"]
[Round "04"]
[TimeControl "180+2"]
[Date "2022.12.27"]
[WhiteClock "0:00:53"]
[BlackClock "0:00:04"]

1. d4 Nf6 2. Nf3 b6 3. Bf4 e6 4. e3 Bb7 5. Bd3 d5 6. Nbd2 Bd6 7. Ne5 Nbd7 8. O-O O-O 9. c3 Ne4 10. Qe2 f6 11. Nxd7 Qxd7 12. Bxd6 Qxd6 13. f4 Nxd2 14. Qxd2 e5 15. fxe5 fxe5 16. Rxf8+ Rxf8 17. Rf1 Rxf1+ 18. Bxf1 exd4 19. exd4 Bc8 20. Bd3 c5 21. Qe3 Be6 22. a3 g6 23. Qf2 Kg7 24. Qe3 a5 25. h4 Bg4 26. Qg5 Qe6 27. Kf2 cxd4 28. cxd4 h6 29. Qe3 Qxe3+ 30. Kxe3 g5 31. g3 Kf6 32. Bf1 Ke6 33. Bg2 b5 34. Kd3 Bf5+ 35. Ke3 b4 36. Bf3 bxa3 37. bxa3 Bc2 38. Bg4+ Kd6 39. Bh3 Bh7 40. Kf3 1-0


[Site "https://www.chess.com"]

[Event "Titled Tuesday Blitz December 27 Late 2022"]
[White "Ronka, Erik"]
[Black "Andrews, Todd"]
[WhiteFideId "505080"]
[BlackFideId "2012456"]
[WhiteElo "2276"]
[BlackElo "2220"]
[Result "1-0"]
[Round "04"]
[TimeControl "180+2"]
[Date "2022.12.27"]
[WhiteClock "0:00:17"]
[BlackClock "0:00:23"]

1. d4 Nf6 2. Nf3 c5 3. d5 b5 4. c3 Bb7 5. e4 Nxe4 6. Bxb5 Nf6 7. c4 g6 8. O-O Bg7 9. Re1 O-O 10. Nc3 d6 11. Bg5 Nbd7 12. Qd2 Nb6 13. Qe2 a6 14. Ba4 Nxa4 15. Nxa4 Re8 16. Rad1 Rb8 17. Qc2 Bc8 18. Nc3 Bf5 19. Qd2 Qa5 20. Bxf6 Bxf6 21. Ne4 Qxd2 22. Nxf6+ exf6 23. Rxd2 Rxe1+ 24. Nxe1 Re8 25. Kf1 Kg7 26. f3 Bd7 27. Kf2 f5 28. g3 h5 29. Ng2 Kf6 30. f4 Rb8 31. Ne3 a5 32. Nd1 a4 33. Ne3 Rb4 34. Ke2 Bc8 35. Kd3 Ba6 36. Kc3 Rb8 37. b3 axb3 38. axb3 Re8 39. Nc2 h4 40. b4 cxb4+ 41. Nxb4 Re3+ 42. Rd3 Rxd3+ 43. Kxd3 hxg3 44. hxg3 Bb7 45. Kd4 g5 46. c5 dxc5+ 47. Kxc5 Kg6 48. Kd6 gxf4 49. gxf4 Kh5 50. Ke5 Kg4 51. d6 Bc8 52. Nd5 Be6 53. Nf6+ Kf3 54. d7 Bxd7 55. Nxd7 Kg4 56. Nf6+ Kf3 57. Kxf5 Ke3 58. Ng4+ Kf3 59. Nh6 f6 60. Ng4 Kg3 61. Nxf6 Kf3 62. Nd5 Kg3 63. Ke5 1-0


[Site "https://www.chess.com"]

[Event "Titled Tuesday Blitz December 27 Late 2022"]
[White "Rosen, Eric"]
[Black "Petrovic, Aleksa"]
[WhiteFideId "2032562"]
[BlackFideId "967629"]
[WhiteElo "2349"]
[BlackElo "2332"]
[Result "1-0"]
[Round "04"]
[TimeControl "180+2"]
[Date "2022.12.27"]
[WhiteClock "0:00:03"]
[BlackClock "0:00:31"]

1. d4 Nf6 2. Bf4 e6 3. e3 c5 4. Nf3 Qb6 5. Na3 cxd4 6. Nb5 Nd5 7. Qxd4 Qxd4 8. Nfxd4 Nxf4 9. Nc7+ Kd8 10. Nxa8 Ng6 11. g3 b6 12. Bg2 d5 13. Nb5 Bb7 14. Nac7 a6 15. Nxa6 Nxa6 16. c3 Nc5 17. O-O-O Ne5 18. Kc2 Ba6 19. Bf1 Ned3 20. Rxd3 Bxb5 21. Rd1 Bxf1 22. Rhxf1 Kc7 23. f3 Be7 24. b3 h5 25. a4 h4 26. g4 h3 27. Rf2 Rh6 28. Ra1 Bg5 29. b4 Nd7 30. f4 Rf6 31. Rf3 e5 32. Raf1 Bh4 33. g5 Rf5 34. Rxh3 Bxg5 35. Rhf3 exf4 36. exf4 Bh6 37. a5 bxa5 38. bxa5 d4 39. cxd4 Rxa5 40. Kd3 Kd6 41. Rb1 Ra3+ 42. Ke2 Ra2+ 43. Kd3 Nf6 44. Rh3 Nd5 45. Kc4 Ra4+ 46. Kb5 Nc3+ 47. Rxc3 Rxd4 48. Rc6+ Kd5 49. Rc7 Rxf4 50. Re1 f5 51. Rd7# 1-0


[Site "https://www.chess.com"]

[Event "Titled Tuesday Blitz December 27 Late 2022"]
[White "Samsonkin, Artiom"]
[Black "Bortnyk, Olexandr"]
[WhiteFideId "13503111"]
[BlackFideId "14120828"]
[WhiteElo "2420"]
[BlackElo "2605"]
[Result "0-1"]
[Round "04"]
[TimeControl "180+2"]
[Date "2022.12.27"]
[WhiteClock "0:00:22"]
[BlackClock "0:03:02"]

1. e4 Nf6 2. e5 Nd5 3. d4 d6 4. Nf3 dxe5 5. Nxe5 c6 6. Be2 Bf5 7. O-O Nd7 8. Nf3 e6 9. c4 N5f6 10. Nc3 Bd6 11. h3 O-O 12. Be3 Qc7 13. Rc1 h6 14. Re1 Rfe8 15. Bd3 Bxd3 16. Qxd3 e5 17. dxe5 Nxe5 18. Nxe5 Bxe5 19. Qf5 Bxc3 20. Rxc3 Re5 21. Qf3 Rae8 22. Rd1 Qa5 23. a3 Rf5 24. Qe2 Ne4 25. Rcd3 Nxf2 26. b4 Qc7 27. Rd7 Nxh3+ 28. Kh1 Qe5 29. Rd8 Nf2+ 30. Kg1 Nxd1 0-1


[Site "https://www.chess.com"]

[Event "Titled Tuesday Blitz December 27 Late 2022"]
[White "Sargsyan, Anna M."]
[Black "Babazada, Khazar"]
[WhiteFideId "13308130"]
[BlackFideId "13413554"]
[WhiteElo "2375"]
[BlackElo "2474"]
[Result "0-1"]
[Round "04"]
[TimeControl "180+2"]
[Date "2022.12.27"]
[WhiteClock "0:02:16"]
[BlackClock "0:02:28"]

1. e4 Nf6 2. e5 Nd5 3. d4 d6 4. exd6 cxd6 5. c4 Nb6 6. Nc3 g6 7. Be3 Bg7 8. Rc1 O-O 9. b3 Bf5 10. Be2 d5 11. c5 Nc8 12. b4 a6 13. a3 Nc6 14. Nf3 Bg4 15. O-O e6 16. Re1 Bxf3 17. Bxf3 N8e7 18. Ne2 Nf5 19. g4 Nxe3 20. fxe3 Qg5 21. Kf2 e5 22. dxe5 Nxe5 23. Qxd5 Nxg4+ 24. Kg3 Be5+ 25. Nf4 Nxe3+ 0-1


[Site "https://www.chess.com"]

[Event "Titled Tuesday Blitz December 27 Late 2022"]
[White "Sarkar, Justin"]
[Black "Fernandez Hernandez, Gerardo"]
[WhiteFideId "2010011"]
[BlackFideId "2207400"]
[WhiteElo "2309"]
[BlackElo "2181"]
[Result "1-0"]
[Round "04"]
[TimeControl "180+2"]
[Date "2022.12.27"]
[WhiteClock "0:00:07"]
[BlackClock "0:00:05"]

1. e4 e6 2. d4 d5 3. Nc3 Nc6 4. Nf3 Nf6 5. e5 Ne4 6. Ne2 f6 7. Ng3 f5 8. c3 Be7 9. Bd3 O-O 10. O-O Nxg3 11. hxg3 Bd7 12. Be3 Be8 13. Qd2 h6 14. Bxh6 gxh6 15. Qxh6 Rf7 16. Qxe6 Qd7 17. Bxf5 Rd8 18. Qg6+ Rg7 19. Qxg7+ Kxg7 20. Bxd7 Bxd7 21. Nh4 Rh8 22. f4 Bxh4 23. gxh4 Bf5 24. g3 Nd8 25. Kf2 Kh6 26. Rg1 Kh5 27. Rae1 Ne6 28. Kf3 Bg4+ 29. Ke3 Bf5 30. Re2 Rg8 31. g4+ Rxg4 32. Rxg4 Bxg4 33. Rf2 Bf5 34. Rg2 1-0


[Site "https://www.chess.com"]

[Event "Titled Tuesday Blitz December 27 Late 2022"]
[White "Schmidt, Harald"]
[Black "Winterberg, Lukas"]
[WhiteFideId "4648358"]
[BlackFideId "24622702"]
[WhiteElo "2347"]
[BlackElo "2402"]
[Result "1-0"]
[Round "04"]
[TimeControl "180+2"]
[Date "2022.12.27"]
[WhiteClock "0:01:31"]
[BlackClock "0:01:49"]

1. e4 e6 2. d4 d5 3. Nd2 c5 4. exd5 Qxd5 5. Ngf3 cxd4 6. Bc4 Qd7 7. Nb3 Nc6 8. Nbxd4 a6 9. O-O Nxd4 10. Qxd4 Qxd4 11. Nxd4 Nf6 12. Rd1 b5 13. Be2 Bb7 14. a4 b4 15. a5 Be7 16. Nb3 O-O 17. Be3 Rac8 18. Rac1 h6 19. Kf1 Nd5 20. Bd2 Rc7 21. c4 bxc3 22. bxc3 Rfc8 23. c4 Nb4 24. Bf4 Rc6 25. Bf3 Rxc4 26. Bxb7 R8c7 27. Bxc7 1-0


[Site "https://www.chess.com"]

[Event "Titled Tuesday Blitz December 27 Late 2022"]
[White "Senthil, Maran K"]
[Black "Sanchez, Robert"]
[WhiteFideId "25035681"]
[BlackFideId "2034360"]
[WhiteElo "2209"]
[BlackElo "1966"]
[Result "0-1"]
[Round "04"]
[TimeControl "180+2"]
[Date "2022.12.27"]
[WhiteClock "0:00:07"]
[BlackClock "0:00:25"]

1. g3 d5 2. Nf3 Nc6 3. d4 Bf5 4. Bg2 Qd7 5. O-O O-O-O 6. Bf4 f6 7. Nbd2 g5 8. Be3 h5 9. c4 e6 10. cxd5 exd5 11. Qa4 Kb8 12. Rfc1 Bd6 13. Nb3 Nge7 14. Nc5 Bxc5 15. Rxc5 Bh3 16. Bh1 h4 17. b4 Nxd4 18. Qd1 Nxf3+ 19. Bxf3 hxg3 20. hxg3 d4 21. Bd2 Bg4 22. Bg2 d3 23. f3 dxe2 24. Qxe2 Bh3 25. Be1 Qd4+ 26. Kh2 Bc8+ 27. Bh3 Rxh3+ 28. Kg2 Qxa1 29. Qxe7 Qxa2+ 30. Bf2 Rh2+ 31. Kxh2 Qxf2+ 32. Kh1 Rd1+ 33. Qe1 Rxe1# 0-1


[Site "https://www.chess.com"]

[Event "Titled Tuesday Blitz December 27 Late 2022"]
[White "Shtompel, Yuriy"]
[Black "Aguilar, Juan"]
[WhiteFideId "14168278"]
[BlackFideId "3800091"]
[WhiteElo "1938"]
[BlackElo "2254"]
[Result "0-1"]
[Round "04"]
[TimeControl "180+2"]
[Date "2022.12.27"]
[WhiteClock "0:00:02"]
[BlackClock "0:00:07"]

1. e4 g6 2. d4 Bg7 3. Nc3 d6 4. Be3 a6 5. a4 b6 6. Qd2 Bb7 7. f3 Nd7 8. h4 h6 9. Bc4 e6 10. Nge2 Ne7 11. g4 c5 12. dxc5 Ne5 13. O-O-O Nxc4 14. Qd3 Nxe3 15. Qxe3 bxc5 16. f4 O-O 17. f5 exf5 18. gxf5 Nc6 19. Rhg1 Ne5 20. Nf4 Qb6 21. Qe2 Rab8 22. b3 c4 23. Ncd5 Bxd5 24. Nxd5 Qc5 25. f6 cxb3 26. fxg7 b2+ 27. Kb1 Qa3 28. c4 Qa1+ 29. Kc2 Qxa4+ 30. Kd2 Nxc4+ 31. Ke1 b1=Q 32. Ne7+ Kxg7 33. Nf5+ Kh7 34. Kf2 Qb6+ 35. Kf3 Qab3+ 36. Kg4 Ne5+ 37. Kf4 gxf5 38. Kxf5 Qe6+ 39. Kf4 Ng6+ 40. Kg3 Qbb3+ 41. Kh2 Qeh3# 0-1


[Site "https://www.chess.com"]

[Event "Titled Tuesday Blitz December 27 Late 2022"]
[White "Silvestre, Christian"]
[Black "Sourath Biswas"]
[WhiteFideId "30956269"]
[BlackFideId "35091484"]
[WhiteElo "1942"]
[BlackElo "2281"]
[Result "0-1"]
[Round "04"]
[TimeControl "180+2"]
[Date "2022.12.27"]
[WhiteClock "0:00:53"]
[BlackClock "0:00:37"]

1. d4 Nf6 2. Bg5 d5 3. Bxf6 gxf6 4. e3 c5 5. Nf3 Nc6 6. c3 Bg4 7. Be2 e6 8. Nbd2 Bd6 9. Nb3 c4 10. Nbd2 f5 11. h3 Bh5 12. g3 b5 13. Nh4 Bxe2 14. Qxe2 Qg5 15. Ndf3 Qg7 16. Qc2 a5 17. b3 O-O 18. bxc4 bxc4 19. Qa4 Ne7 20. Ke2 Ng6 21. Nxg6 hxg6 22. h4 Rfb8 23. Rab1 Qf8 24. Qc6 Qd8 25. h5 Rxb1 26. Rxb1 gxh5 27. Rh1 Rc8 28. Qa4 Qb6 29. Qc2 Rb8 30. Rxh5 Qb1 31. Qxb1 Rxb1 32. Nd2 Rb2 33. a4 Rc2 34. g4 fxg4 35. e4 dxe4 36. Rxa5 Bf4 0-1


[Site "https://www.chess.com"]

[Event "Titled Tuesday Blitz December 27 Late 2022"]
[White "Slade, Theodore"]
[Black "Liu, Casper"]
[WhiteFideId "426547"]
[BlackFideId "1454153"]
[WhiteElo "1995"]
[BlackElo "2278"]
[Result "1/2-1/2"]
[Round "04"]
[TimeControl "180+2"]
[Date "2022.12.27"]
[WhiteClock "0:00:17"]
[BlackClock "0:00:29"]

1. d4 Nf6 2. c4 c5 3. d5 e5 4. Nc3 d6 5. e4 Be7 6. g3 Nbd7 7. Bg2 Nf8 8. Nf3 Ng6 9. h4 h5 10. O-O Bg4 11. Be3 O-O 12. Rb1 Nd7 13. Qb3 b6 14. Nh2 f5 15. f3 f4 16. Bf2 fxg3 17. Bxg3 Bxh4 18. Bxh4 Qxh4 19. fxg4 hxg4 20. Qd1 g3 21. Nf3 Rxf3 22. Rxf3 Qh2+ 23. Kf1 Nh4 24. Qe2 Nf6 25. Rxf6 gxf6 26. Re1 f5 27. exf5 Rf8 28. Qg4+ Kh7 29. Qh5+ Kg7 30. Qg5+ Kh8 31. Qh6+ Kg8 32. Qg5+ Kh8 33. Qh5+ Kg8 34. Qg4+ Kh8 35. Re2 Rxf5+ 36. Ke1 Nxg2+ 37. Rxg2 Qh1+ 38. Kd2 Qxg2+ 39. Ne2 Rf7 40. Qh5+ Kg8 41. Qg6+ Rg7 42. Qe8+ Kh7 43. Qh5+ Kg8 44. Qe8+ Kh7 45. Qh5+ Kg8 46. Qe8+ 1/2-1/2


[Site "https://www.chess.com"]

[Event "Titled Tuesday Blitz December 27 Late 2022"]
[White "Smith, Garrett L"]
[Black "Makarian, Rudik"]
[WhiteFideId "2024829"]
[BlackFideId "44105681"]
[WhiteElo "2047"]
[BlackElo "2545"]
[Result "0-1"]
[Round "04"]
[TimeControl "180+2"]
[Date "2022.12.27"]
[WhiteClock "0:00:31"]
[BlackClock "0:01:45"]

1. e4 d6 2. d4 Nf6 3. Nc3 e5 4. Nf3 Nbd7 5. Bc4 Be7 6. O-O O-O 7. a4 c6 8. Ba2 exd4 9. Nxd4 Re8 10. Re1 Nf8 11. h3 Qc7 12. Bf4 Ng6 13. Bg3 Bd7 14. Qd2 Rad8 15. Rad1 Bc8 16. Nf5 Bxf5 17. exf5 Ne5 18. f4 Ned7 19. Re2 d5 20. Bf2 Bc5 21. Rde1 Bxf2+ 22. Kxf2 Qb6+ 23. Kf3 Qxb2 24. Rxe8+ Rxe8 25. Rxe8+ Nxe8 26. Bb3 Qa3 27. Ne2 Qd6 28. g4 Nc5 29. Nd4 Nf6 30. Qe3 Nfe4 31. Ne2 a5 32. Ng3 Nxg3 33. Kxg3 Ne4+ 34. Kf3 Qc5 35. Qxc5 Nxc5 36. Ke3 Nxb3 37. cxb3 c5 38. g5 f6 39. g6 h6 0-1


[Site "https://www.chess.com"]

[Event "Titled Tuesday Blitz December 27 Late 2022"]
[White "Solon, Nathan"]
[Black "Ibadov, Dashgyn"]
[WhiteFideId "2017229"]
[BlackFideId "24107514"]
[WhiteElo "2306"]
[BlackElo "2391"]
[Result "1-0"]
[Round "04"]
[TimeControl "180+2"]
[Date "2022.12.27"]
[WhiteClock "0:00:41"]
[BlackClock "0:00:01"]

1. Nf3 d5 2. g3 Nd7 3. d4 Nb6 4. Bg2 Bf5 5. O-O e6 6. b3 h6 7. Nbd2 Nf6 8. c4 c6 9. Bb2 Be7 10. e3 O-O 11. Qe2 Nbd7 12. Rfd1 a5 13. a4 Bb4 14. Rac1 Qe7 15. Ne5 Nxe5 16. dxe5 Nd7 17. e4 Bxd2 18. Qxd2 Bg4 19. f3 Bh5 20. exd5 exd5 21. cxd5 cxd5 22. Qxd5 Nb8 23. Qd6 Qg5 24. f4 Qf5 25. Rd4 Nc6 26. Rdc4 Rad8 27. Qc5 Rd2 28. R4c2 Rfd8 29. h3 Nb4 30. Rxd2 Rxd2 31. Qc8+ Qxc8 32. Rxc8+ Kh7 33. Bc3 Rd1+ 34. Kh2 Be2 35. Be4+ g6 36. e6 f6 37. Bxf6 1-0


[Site "https://www.chess.com"]

[Event "Titled Tuesday Blitz December 27 Late 2022"]
[White "Srebrnic, Marko"]
[Black "Rosenberg, Evan S"]
[WhiteFideId "14603616"]
[BlackFideId "2019299"]
[WhiteElo "2366"]
[BlackElo "1956"]
[Result "1-0"]
[Round "04"]
[TimeControl "180+2"]
[Date "2022.12.27"]
[WhiteClock "0:02:29"]
[BlackClock "0:01:19"]

1. e4 e5 2. Nc3 Nf6 3. Bc4 Nc6 4. d3 Bc5 5. f4 d6 6. Nf3 exf4 7. Bxf4 O-O 8. Qd2 Bg4 9. O-O-O Nd4 10. Rdf1 Nxf3 11. gxf3 Bh5 12. Bg5 c6 13. d4 Bb4 14. Rhg1 d5 15. Bd3 dxe4 16. fxe4 Qxd4 17. Bxf6 Bxc3 18. bxc3 1-0


[Site "https://www.chess.com"]

[Event "Titled Tuesday Blitz December 27 Late 2022"]
[White "Sreyas Payyappat"]
[Black "Corredor Castellanos, Camilo"]
[WhiteFideId "46674969"]
[BlackFideId "4425871"]
[WhiteElo "2076"]
[BlackElo "1957"]
[Result "0-1"]
[Round "04"]
[TimeControl "180+2"]
[Date "2022.12.27"]
[WhiteClock "0:00:02"]
[BlackClock "0:00:46"]

1. e4 c5 2. Nf3 d6 3. d4 cxd4 4. Nxd4 Nf6 5. Nc3 a6 6. h4 h5 7. Be3 Ng4 8. Bd2 Nc6 9. Nxc6 bxc6 10. Be2 e5 11. Bxg4 hxg4 12. g3 Rb8 13. b3 d5 14. Qe2 f6 15. O-O-O Ba3+ 16. Kb1 d4 17. Na4 Qe7 18. Qc4 Be6 19. Qxc6+ Kf7 20. h5 Rhc8 21. Qxa6 Ra8 22. Qb5 Rcb8 23. Qc6 Rc8 24. Qb5 Bc4 25. bxc4 Rab8 0-1


[Site "https://www.chess.com"]

[Event "Titled Tuesday Blitz December 27 Late 2022"]
[White "Steinberg, Nitzan"]
[Black "Hnydiuk, Aleksander"]
[WhiteFideId "2801795"]
[BlackFideId "1109057"]
[WhiteElo "2546"]
[BlackElo "2363"]
[Result "1-0"]
[Round "04"]
[TimeControl "180+2"]
[Date "2022.12.27"]
[WhiteClock "0:01:24"]
[BlackClock "0:00:02"]

1. e4 e5 2. Nf3 Nc6 3. Bc4 Bc5 4. c3 Nf6 5. d3 d6 6. h3 a6 7. a4 h6 8. O-O O-O 9. Nbd2 Be6 10. Re1 Qd7 11. b4 Bb6 12. Bb3 Rae8 13. Nc4 Ba7 14. b5 Nd8 15. bxa6 bxa6 16. a5 Nb7 17. Ba4 c6 18. Ncxe5 dxe5 19. Nxe5 Qc7 20. Bf4 Nc5 21. Bxc6 Rc8 22. d4 Ncd7 23. Ng6 Qd8 24. Nxf8 Nxf8 25. d5 1-0


[Site "https://www.chess.com"]

[Event "Titled Tuesday Blitz December 27 Late 2022"]
[White "Suder, Jakub"]
[Black "Torres Boch, Jose Francisco"]
[WhiteFideId "1195310"]
[BlackFideId "2278383"]
[WhiteElo "2244"]
[BlackElo "2180"]
[Result "1-0"]
[Round "04"]
[TimeControl "180+2"]
[Date "2022.12.27"]
[WhiteClock "0:00:14"]
[BlackClock "0:00:41"]

1. d4 Nf6 2. c4 e6 3. Nc3 Bb4 4. a3 Bxc3+ 5. bxc3 b6 6. f3 Bb7 7. e4 d6 8. Be3 Nbd7 9. Bd3 Qe7 10. Ne2 e5 11. O-O O-O-O 12. a4 a5 13. Qb3 Rdg8 14. Qa3 g5 15. Ng3 g4 16. Nf5 Qf8 17. Bh6 Qd8 18. Kh1 gxf3 19. gxf3 Rg6 20. Rg1 Rhg8 21. Be3 Kb8 22. c5 dxc5 23. d5 Ne8 24. Bb5 Nd6 25. Nxd6 Rxd6 26. Rxg8 Qxg8 27. Rg1 Qf8 28. c4 f5 29. Qd3 f4 30. Bf2 Bc8 31. Qf1 Rg6 32. Bc6 Qg7 33. Rxg6 Qxg6 34. Qh3 Nf6 35. Qh4 h6 36. Be1 Qg5 37. Qf2 Bd7 38. Bxa5 Bxc6 39. dxc6 Ne8 40. Bc3 Qf6 41. Qd2 Qd6 42. Qc2 Ng7 43. a5 Ne6 44. axb6 cxb6 45. Qb2 Kc7 46. Bxe5 1-0


[Site "https://www.chess.com"]

[Event "Titled Tuesday Blitz December 27 Late 2022"]
[White "Sztokbant, Bernardo Vainzoff"]
[Black "Shapiro, Daniel"]
[WhiteFideId "2115956"]
[BlackFideId "2001780"]
[WhiteElo "2213"]
[BlackElo "2284"]
[Result "0-1"]
[Round "04"]
[TimeControl "180+2"]
[Date "2022.12.27"]
[WhiteClock "0:00:03"]
[BlackClock "0:00:15"]

1. e4 e5 2. Bc4 Nf6 3. Nc3 Nxe4 4. Qh5 Nd6 5. Qxe5+ Qe7 6. Qxe7+ Bxe7 7. Bb3 c6 8. Nf3 Nf5 9. d4 d5 10. Bf4 O-O 11. O-O h6 12. Ne2 Be6 13. Rfe1 Nd7 14. Ng3 Nxg3 15. Bxg3 Bf6 16. c3 a5 17. Bc2 a4 18. a3 b5 19. Nd2 Nb6 20. Nf1 Nc4 21. Rab1 Rfe8 22. Ne3 Be7 23. Nxc4 bxc4 24. Re2 c5 25. dxc5 Bxc5 26. Rd2 Re7 27. Kf1 Rd7 28. Rbd1 Ra6 29. f3 Rb7 30. Rb1 Rab6 31. Bxa4 Bxa3 32. Be5 Rxb2 33. Rbxb2 Rxb2 34. Rxb2 Bxb2 35. Ke2 Ba3 36. Ke3 Bc5+ 37. Bd4 Bd6 38. Bc6 f6 39. g3 Be5 40. f4 Bd6 41. Bb6 Kf7 42. Kd4 g5 0-1


[Site "https://www.chess.com"]

[Event "Titled Tuesday Blitz December 27 Late 2022"]
[White "TheKnightOfBosnia"]
[Black "Curtis, John"]
[BlackFideId "3200256"]
[WhiteElo "2434"]
[BlackElo "2292"]
[Result "1/2-1/2"]
[Round "04"]
[TimeControl "180+2"]
[Date "2022.12.27"]
[WhiteClock "0:00:16"]
[BlackClock "0:00:26"]

1. e4 c5 2. Nf3 d6 3. Bb5+ Bd7 4. Bxd7+ Qxd7 5. O-O Nc6 6. b3 Nf6 7. Qe2 Nd4 8. Nxd4 cxd4 9. c3 dxc3 10. Nxc3 e6 11. d4 Be7 12. Bf4 Rc8 13. Rac1 O-O 14. d5 Rfe8 15. dxe6 Qxe6 16. Qd3 Rc6 17. h3 Rec8 18. Rfe1 a6 19. Kh2 Nh5 20. Bd2 Nf6 21. Nd5 Rxc1 22. Rxc1 Rxc1 23. Nxf6+ Bxf6 24. Bxc1 h5 25. g3 h4 26. Ba3 Be5 27. Kg2 hxg3 28. fxg3 g6 29. Qd5 Qd7 30. Qc4 Qc6 31. Qxc6 bxc6 32. g4 g5 33. Kf3 f6 34. Ke2 Kf7 35. Kd3 Ke6 36. Bc1 d5 37. Be3 Bd6 38. Bf2 Ba3 39. h4 gxh4 40. Bxh4 dxe4+ 41. Kxe4 Bc5 42. Be1 Bb6 43. Bc3 Ba7 44. a4 Bb6 45. b4 Bc7 46. Bd2 Bd6 47. Bc3 Be7 48. Bd2 Bd6 49. Bc3 Be7 1/2-1/2


[Site "https://www.chess.com"]

[Event "Titled Tuesday Blitz December 27 Late 2022"]
[White "Theodorou, Nikolas"]
[Black "Tanenbaum, Zachary"]
[WhiteFideId "4262875"]
[BlackFideId "2060850"]
[WhiteElo "2591"]
[BlackElo "2261"]
[Result "1-0"]
[Round "04"]
[TimeControl "180+2"]
[Date "2022.12.27"]
[WhiteClock "0:00:08"]
[BlackClock "0:00:02"]

1. e4 e5 2. d4 exd4 3. c3 dxc3 4. Bc4 cxb2 5. Bxb2 d5 6. Bxd5 Nf6 7. Bxf7+ Kxf7 8. Qxd8 Bb4+ 9. Qd2 Bxd2+ 10. Nxd2 Re8 11. f3 c5 12. Rc1 b6 13. Ne2 Ba6 14. Nf4 Nbd7 15. Kf2 g5 16. Ne2 Ne5 17. Bxe5 Rxe5 18. h4 g4 19. Ng3 Rd8 20. Nb1 Re7 21. Rhd1 Red7 22. Rxd7+ Rxd7 23. Ke3 Rd3+ 24. Kf4 gxf3 25. gxf3 c4 26. a4 Nd7 27. Nf5 Nc5 28. Rg1 Ne6+ 29. Ke5 c3 30. Rc1 Rxf3 31. Nxc3 Nc5 32. Rc2 Nd3+ 33. Kd4 Nb4 34. Rc1 Rd3+ 35. Ke5 Nc6+ 36. Kf4 Nb4 37. Nb5 Rd7 38. Rg1 Nd3+ 39. Ke3 Nc5 40. Nbd4 Kf6 41. Nh6 Ke5 42. Rg5+ Kd6 43. e5+ Kc7 44. e6 Re7 45. Nhf5 Re8 46. Rg7+ Kb8 47. Nc6+ Kc8 48. Nd6# 1-0


[Site "https://www.chess.com"]

[Event "Titled Tuesday Blitz December 27 Late 2022"]
[White "Toncheva, Nadya"]
[Black "Estrada Nieto, Julian"]
[WhiteFideId "2924056"]
[BlackFideId "5101018"]
[WhiteElo "2295"]
[BlackElo "2215"]
[Result "1-0"]
[Round "04"]
[TimeControl "180+2"]
[Date "2022.12.27"]
[WhiteClock "0:00:34"]
[BlackClock "0:01:09"]

1. d4 d5 2. c4 dxc4 3. e3 Nf6 4. Bxc4 e6 5. Nf3 a6 6. O-O b5 7. Bd3 Bb7 8. Re1 c5 9. e4 cxd4 10. e5 Nd5 11. Bg5 Be7 12. Bxe7 Qxe7 13. Nbd2 Nd7 14. Ne4 O-O 15. Rc1 Nb4 16. Bb1 Bxe4 17. Rxe4 Rac8 18. Rh4 Rxc1 19. Bxh7+ Kh8 20. Qxc1 g5 21. Nxg5 Kg7 22. Be4 Rh8 23. Rxh8 Kxh8 24. Qf4 Nf8 25. Nxf7+ Kg7 26. Nd6 d3 27. Qg4+ Kh8 28. Qh3+ Nh7 29. Bxd3 Nxd3 30. Qxd3 Qc7 31. g3 Qc1+ 32. Kg2 Qxb2 33. Qg6 1-0


[Site "https://www.chess.com"]